 Dungeon Crawl Stone Soup version 0.27-a0-1532-gca18f49f40 (webtiles) character file.

Game seed: 10586883812753507943

4 garrulousMonolith the Insei (level 1, -3/17 HPs)
             Began as a Gnoll Transmuter on July 12, 2021.
             Slain by a kobold (20 damage)
             ... on level 1 of the Dungeon.
             The game lasted 00:00:38 (625 turns).

garrulousMonolith the Insei (Gnoll Transmuter)       Turns: 625, Time: 00:00:38

Health: -3/17      AC: 11    Str:  9    XL:     1   Next: 70%
Magic:  6/6        EV:  4    Int: 12    God:
Gold:   83         SH:  0    Dex: 12    Spells: 8/9 levels left

rFire    . . .     SeeInvis .     - Unarmed
rCold    . . .     Faith    .   (no shield)
rNeg     . . .     Spirit   .   e - +3 chain mail
rPois    .         Reflect  .   (no helmet)
rElec    .         Harm     .   (no cloak)
rCorr    .         Rampage  .   (no gloves)
Will     .....                  (no boots)
Stlth    ..........             (no amulet)
HPRegen  0.05/turn              (no ring)
MPRegen  0.10/turn              (no ring)

@: no status effects
A: fangs 1, strong nose, distributed training
a: no special abilities


You were on level 1 of the Dungeon.
You visited 1 branch of the dungeon, and saw 1 of its levels.

You collected 83 gold pieces.

Inventory:

Armour
 a - a +0 robe
 e - a +3 chain mail (worn)
Magical Staves
 c - a staff of conjuration
Jewellery
 b - a ring of resist corrosion
Scrolls
 d - a scroll of torment {unknown}
Potions
 f - a potion of mutation {unknown}


   Skills:
 + Level 2.4 Fighting
 + Level 0.1 Short Blades
 + Level 0.1 Long Blades
 + Level 0.1 Axes
 + Level 0.1 Maces & Flails
 + Level 0.1 Polearms
 + Level 0.1 Staves
 + Level 0.1 Slings
 + Level 0.1 Bows
 + Level 0.1 Crossbows
 + Level 0.1 Throwing
 + Level 0.1 Armour
 + Level 4.4 Dodging
 + Level 0.1 Stealth
 + Level 0.1 Shields
 + Level 6.4 Unarmed Combat
 + Level 4.9 Spellcasting
 + Level 0.1 Conjurations
 + Level 0.1 Hexes
 + Level 0.1 Summonings
 + Level 0.1 Necromancy
 + Level 0.1 Translocations
 + Level 3.6 Transmutations
 + Level 0.1 Fire Magic
 + Level 0.1 Ice Magic
 + Level 0.1 Air Magic
 + Level 0.1 Earth Magic
 + Level 0.1 Poison Magic
 + Level 0.2 Invocations
 + Level 0.1 Evocations


You had 8 spell levels left.
You knew the following spells:

 Your Spells              Type           Power      Damage    Failure   Level
a - Beastly Appendage     Tmut           22%        N/A       99%         1

Your spell library contained the following spells:

 Spells                   Type           Power      Damage    Failure   Level
 Wereblood                Tmut           11%        N/A       100%        2
 Spider Form              Tmut/Pois      3%         N/A       100%        3
 Ice Form                 Ice/Tmut       7%         N/A       100%        4


Dungeon Overview and Level Annotations

Branches:
Dungeon (1/15)

Altars:


Innate Abilities, Weirdness & Mutations

You have very sharp teeth.
Your uncanny sense of smell can sniff out nearby items.
Your experience applies equally to all skills.


Message History

Found a runed chain mail.
You see here a +3 chain mail.
Key pressed, stopping explore.
Okay, then.
You see here a +3 chain mail.
e - a +3 chain mail You start removing your armour.
You continue taking off your +0 robe. x4
You finish taking off your +0 robe.
You start putting on your armour.
You continue putting on your +3 chain mail. x5
You finish putting on your +3 chain mail.
You open the door.
A ball python comes into view.
The ball python hisses angrily.
Found 14 gold pieces.
A ball python is nearby!
You hit the ball python.
You kill the ball python!
No target in view!
No target in view!
There is an open door here.
You see here a ball python corpse.
You now have 83 gold pieces (gained 14).
There is an open door here.
You see here a ball python corpse.
f - a bubbling red potion No target in view!
A bat comes into view.
The bat hits you but does no damage.
You hit the bat.
You kill the bat!
No target in view!
No target in view!
No target in view!
A kobold comes into view. It is wielding a +0 whip of distortion.
A ball python comes into view.
The ball python hisses angrily.
The kobold hits you but does no damage. Space warps horribly around you!!
Ouch! That really hurt!
You die...

###..#####.# #.#
#........#.# #.
#.# #........#'#
#. #.#
#........... #.
#S# #...........
#. #.#
####+####...
#.###.#######
#...
#............
#...
#....@K......
#...
######.##.######.
#...
#.............
.....
####.#.##.####
.#### #.#.##.#
#.#.##.# #.#.##.#
#.#.##.# #.#.##.#
∆


You could see a ball python and a kobold.

Vanquished Creatures
  A ball python (D:1)
  A bat (D:1)
  An endoplasm (D:1)
  A rat (D:1)
4 creatures vanquished.

Notes
Turn   | Place    | Note
-------+----------+-------------------------------------------
     0 | D:1      | garrulousMonolith the Gnoll Transmuter began the quest for
                  | the Orb.
     0 | D:1      | Reached XP level 1. HP: 17/17 MP: 6/6
   625 | D:1      | Slain by a kobold

Illustrated notes

Levels and vault maps discovered:
D:1:      onia_arrival_mini_maze, layout_basic

Action                   || total
-------------------------++-------
Melee: Unarmed           ||     5
       Headbutt          ||     1
 Cast: Beastly Appendage ||     1
Armor: Robe              ||     2
       Chain mail        ||     2

Table legend: (Time is in decaauts)
 A = Elapsed time spent in this place.
 B = Non-inter-level travel time spent in this place.
 C = Inter-level travel time spent in this place.
 D = Time resting spent in this place.
 E = Time spent auto-exploring this place.
 F = Levels seen in this place.
 G = Mean time per level.
                   A        B        C        D        E       F      G
               +--------+--------+--------+--------+--------+-----+--------+
         Total |    624 |    586 |     38 |      0 |    503 |   1 |  624.0 |
       Dungeon |    624 |    586 |     38 |      0 |    503 |   1 |  624.0 |
               +--------+--------+--------+--------+--------+-----+--------+

Top non-repeatable levels by time:
     D:1: 624 daAuts
